 Dungeon Crawl Stone Soup version 0.20.2-3-g29329e0561 (webtiles) character file.

527 Alfie the Shield-Bearer (level 7, -2/60 HPs)
             Began as a Hill Orc Fighter on Jan 23, 2023.
             Slain by an orc warrior
             ... wielding a +0 flail
              (15 damage)
             ... on level 5 of the Dungeon.
             The game lasted 00:08:21 (2756 turns).

Alfie the Shield-Bearer (Hill Orc Fighter)          Turns: 2756, Time: 00:08:21

Health: -2/60      AC: 10    Str: 21    XL:     7   Next: 23%
Magic:  7/7        EV:  8    Int:  8    God:
Gold:   192        SH: 10    Dex: 10    Spells: 6/6 levels left

rFire    . . .     SeeInvis .   a - +0 rapier
rCold    . . .     Gourm    .   c - +0 shield
rNeg     . . .     Faith    .   b - +0 scale mail
rPois    .         Spirit   .   (no helmet)
rElec    .         Reflect  .   o - +0 cloak
rCorr    .         Harm     .   (no gloves)
MR       .....                  q - +1 pair of boots
Stlth    ..........             (no amulet)
Regen    0.2/turn               (no ring)
MPRegen  0.1/turn               (no ring)

@: no status effects
A: no striking features
a: Convert to Beogh


You were on level 5 of the Dungeon.
You were not hungry.

You visited 1 branch of the dungeon, and saw 5 of its levels.

You collected 257 gold pieces.
You spent 65 gold pieces at shops.

Inventory:

Hand Weapons
 a - a +0 rapier (weapon)
Armour
 b - a +0 scale mail (worn)
 c - a +0 shield (worn)
 o - a +0 cloak (worn)
 q - a +1 pair of boots (worn)
Scrolls
 e - a scroll of immolation
 h - 2 scrolls of amnesia
 i - a scroll of remove curse {unknown}
 k - 3 scrolls of identify
 p - a scroll of blinking {unknown}
Potions
 d - a potion of lignification {unknown}
 g - 2 potions of heal wounds {unknown}
 j - a potion of magic {unknown}
 n - 2 potions of mutation
 r - a potion of brilliance {unknown}
 s - a potion of curing {unknown}
 t - a potion of might
Comestibles
 f - 4 bread rations
 l - 4 meat rations
 m - 3 royal jellies


   Skills:
 + Level 4.8 Fighting
 + Level 5.0 Short Blades
 + Level 4.1 Armour
 + Level 1.5 Dodging
 + Level 0.5 Stealth
 + Level 5.2 Shields


You had 6 spell levels left.
You didn't know any spells.

Dungeon Overview and Level Annotations

Branches:
Dungeon (5/15)
 Temple: D:4-7

Altars:
Qazlal
The Shining One

Shops:
D:5 *


Message History

* * * LOW HITPOINT WARNING * * *
You hit the orc warrior but do no damage.
The orc warrior is almost dead.
The orc complains loudly.
You block the orc warrior's attack.
You closely miss the orc warrior.
The orc warrior is almost dead.
The orc priest shouts, "Beogh is our master!
Accept the truth or die!"
You block the orc warrior's attack.
You hit the orc warrior but do no damage.
The orc warrior is almost dead.
You block the orc warrior's attack.
You closely miss the orc warrior.
The orc warrior is almost dead.
The orc priest shouts, "Join the one true god or die!"
You block the orc warrior's attack.
You hit the orc warrior but do no damage.
The orc warrior is almost dead.
The orc warrior hits you with a flail!
You die...

#... #.## #... ...#
#... ##..# ######...
##...## ##........ .
....$ .......... ...
#.#.# #........
....o###.#.##
######... #ooo@....#
#... ########.# #...
#.# ######... #.#
#......<.
#.#####.####.#######
...............#
#.######.###.#.## #
#.##.....####
#.##..#......


You could see an orc warrior, an orc priest and 2 orcs.

Vanquished Creatures
  The ghost of Alfie the Shield-Bearer, an amateur HOFi (D:4)
  An ogre (D:4)
  A crimson imp (D:5)
  A hound (D:5)
  A centaur skeleton (D:4)
  A worker ant (D:3)
  3 adders
  3 worms
  2 dart slugs
  2 leopard geckos
  7 orcs
  5 giant cockroaches
  7 goblins
  6 hobgoblins
  4 jackals (D:4)
  A quokka (D:2)
  2 ball pythons
  7 bats
  5 frilled lizards
  6 kobolds
  8 rats
74 creatures vanquished.

Notes
Turn   | Place    | Note
-------+----------+-------------------------------------------
     0 | D:1      | Alfie the Hill Orc Fighter began the quest for the Orb.
     0 | D:1      | Reached XP level 1. HP: 19/19 MP: 1/1
   117 | D:1      | Reached XP level 2. HP: 26/26 MP: 2/2
   406 | D:2      | Reached XP level 3. HP: 23/33 MP: 3/3
   489 | D:2      | Found a faded altar of an unknown god.
   945 | D:3      | Reached XP level 4. HP: 39/40 MP: 4/4
  1613 | D:4      | Noticed Alfie's ghost (amateur HOFi)
  1636 | D:4      | Killed Alfie's ghost
  1636 | D:4      | Reached skill level 1 in Dodging
  1636 | D:4      | Reached XP level 5. HP: 10/47 MP: 5/5
  1636 | D:4      | Reached XP level 6. HP: 11/53 MP: 6/6
  2199 | D:4      | Reached skill level 5 in Shields
  2392 | D:4      | Reached XP level 7. HP: 60/60 MP: 7/7
  2486 | D:5      | Entered Level 5 of the Dungeon
  2533 | D:5      | Found a stormy altar of Qazlal.
  2604 | D:5      | Found Saecekurch's General Store.
  2610 | D:5      | Bought a bread ration for 65 gold pieces
  2640 | D:5      | Reached skill level 5 in Short Blades
  2696 | D:5      | Found a glowing golden altar of the Shining One.
  2756 | D:5      | Slain by an orc warrior

Skill      XL: |  1  2  3  4  5  6  7 |
---------------+----------------------+-----
Fighting       | 4 |  4.8
Shields        | 4 5 |  5.2
Short Blades   | 4 5 |  5.0
Dodging        | 1 |  1.5
Armour         | 4 |  4.1
Stealth        | |  0.5

Action                   |  1- 3 |  4- 6 |  7- 9 || total
-------------------------+-------+-------+-------++-------
Melee: Rapier            |   131 |   121 |    54 ||   306
  Use: Potion            |       |     1 |       ||     1
       Scroll            |       |     4 |       ||     4
  Eat: Bread ration      |       |     1 |       ||     1
       Royal jelly       |       |     1 |       ||     1
Armor: Scale mail        |    60 |    54 |    28 ||   142
Dodge: Dodged            |    37 |    25 |    12 ||    74
Block: Shield            |    61 |    62 |    29 ||   152
